 Dungeon Crawl Stone Soup version 0.24-a0-584-g9d6b971ae4 (webtiles) character file.

Game seed: 6511788837166281776, levelgen mode: deterministic

1749 Froggeryz the Cleaver (level 8, -1/70 HPs)
             Began as a Minotaur Gladiator on Sept 6, 2019.
             Was a Believer of Okawaru.
             Slain by an orc warrior
             ... wielding a +0 long sword
              (19 damage)
             ... on level 6 of the Dungeon.
             The game lasted 00:08:28 (4463 turns).

Froggeryz the Cleaver (Minotaur Gladiator)          Turns: 4463, Time: 00:08:29

Health: -1/70      AC:  8    Str: 20    XL:     8   Next: 78%
Magic:  7/7        EV: 12    Int:  5    God:    Okawaru [**....]
Gold:   232        SH:  0    Dex: 13    Spells: 7/7 levels left

rFire    . . .     SeeInvis .   C - +4 war axe
rCold    + . .     Gourm    .   (no shield)
rNeg     . . .     Faith    .   t - +1 ring mail {MR+}
rPois    .         Spirit   .   c - +0 hat
rElec    .         Reflect  .   B - +0 cloak
rCorr    .         Harm     .   p - +0 pair of gloves
MR       ++...     Rnd*Tele +   (no boots)
Stlth    +.........             (no amulet)
HPRegen  0.21/turn              u - ring of protection from cold
MPRegen  0.10/turn              (no ring)

@: no status effects
A: retaliatory headbutt, horns 2, magic resistance 1, teleportitis 1, evolution
1
a: Heroism, Renounce Religion


You were on level 6 of the Dungeon.
You worshipped Okawaru.
Okawaru was pleased with you.
You were hungry.

You visited 2 branches of the dungeon, and saw 7 of its levels.

You collected 232 gold pieces.

Inventory:

Hand Weapons
 C - a +4 war axe (weapon)
Missiles
 d - 2 throwing nets
 q - 5 javelins (quivered)
Armour
 c - a +0 hat (worn)
 p - a +0 pair of gloves (worn)
 t - a +1 ring mail of magic resistance (worn)
 B - a +0 cloak (worn)
Jewellery
 u - a ring of protection from cold (left hand)
 x - an uncursed ring of protection from fire
Wands
 m - a wand of flame (15)
Scrolls
 b - a scroll of identify
 h - a scroll of immolation
 l - 3 scrolls of enchant armour
Potions
 a - a potion of haste
 g - 3 potions of ambrosia
 j - a potion of brilliance
 o - a potion of mutation
 r - 3 potions of curing
 v - a potion of flight
Comestibles
 f - 5 rations


   Skills:
 - Level 6.0 Fighting
 * Level 12.2 Axes
 - Level 2.0 Throwing
 + Level 2.4 Armour
 - Level 3.2 Dodging


You had 7 spell levels left.
You didn't know any spells.
Your spell library contained the following spells:

 Spells                   Type           Power        Failure   Level  Hunger
 Animate Skeleton         Necr           N/A          65%         1    ##.....
 Pain                     Necr           #...         65%         1    ##.....
 Regeneration             Chrm/Necr      #.........   95%         3    ####...
 Vampiric Draining        Necr           #.........   95%         3    ####...
 Animate Dead             Necr           N/A          100%        4    #####..


Dungeon Overview and Level Annotations

Branches:
Dungeon (6/15)             Temple (1/1) D:4

Altars:
Hepliaklqana
Kikubaaqudgha
Makhleb
Okawaru
Trog
Uskayaw
Vehumet
Xom
Zin

Shops:
D:6 ?


Innate Abilities, Weirdness & Mutations

You reflexively headbutt those who attack you in melee.
You have a pair of horns on your head.
You are resistant to hostile enchantments. (MR+)
You are occasionally teleported next to monsters.
You evolve.


Message History

The orc wizard hits you with a +0 dagger.
You slash the orc warrior!
The orc warrior is moderately wounded.
You barely miss the orc wizard.
The orc wizard points at you and mumbles some strange words.
The magic dart hits you!
The orc warrior hits you with a +0 long sword!
* * * LOW HITPOINT WARNING * * *
You are too injured to fight recklessly!
You slash the orc wizard!
The orc wizard is severely wounded.
You hit the orc warrior. The orc wizard closely misses you.
Unknown command.
Unknown command.
You slash the orc wizard!
You kill the orc wizard!
Okawaru accepts your kill.
You hit the orc warrior.
The orc warrior hits you with a +0 long sword!!
You die...

........##.####
...#.##.##.#
#.......#
####.####
######....#
..........#
...###...##
###..# #o@..#
#)##.# #. #.#
.. ..# ##. ##
#. #. ..


You could see an orc warrior.

Vanquished Creatures
  Pikel (D:5)
  A slave (D:5)
  An ice beast (D:6)
  An ogre (D:5)
  A black bear (D:6)
  A phantom (D:4)
  A bullfrog (D:5)
  4 scorpions
  A centaur zombie (D:4)
  A hound (D:3)
  A jelly (D:6)
  3 orc priests
  4 orc wizards
  Jessica (D:2)
  2 iguanas (D:4)
  2 worker ants
  A killer bee zombie (D:5)
  7 adders
  4 gnolls
  A shadow imp (D:5)
  An adder skeleton (D:4)
  A worm (D:2)
  3 leopard geckos
  9 orcs
  A ball python (D:2)
  8 giant cockroaches
  8 goblins
  9 hobgoblins
  14 jackals
  4 kobolds
  A quokka (D:2)
  12 bats
  10 frilled lizards
  A quokka zombie (D:6)
  5 rats
  2 butterflies (D:2)
128 creatures vanquished.

Vanquished Creatures (others)
  A bullfrog skeleton (D:5)
1 creature vanquished.

Grand Total: 129 creatures vanquished

Notes
Turn   | Place    | Note
-------+----------+-------------------------------------------
     0 | D:1      | Froggeryz the Minotaur Gladiator began the quest for the
                  | Orb.
     0 | D:1      | Reached XP level 1. HP: 18/18 MP: 0/0
    72 | D:1      | Reached skill level 4 in Axes
   197 | D:1      | Reached XP level 2. HP: 4/25 MP: 1/1
   547 | D:1      | Reached skill level 5 in Axes
   831 | D:1      | Reached XP level 3. HP: 30/30 MP: 2/2
  1155 | D:2      | Found a shimmering altar of Xom.
  1257 | D:2      | Found a glowing silver altar of Zin.
  1303 | D:2      | Reached XP level 4. HP: 33/37 MP: 3/3
  1310 | D:2      | Reached skill level 6 in Axes
  1653 | D:2      | Noticed Jessica
  1660 | D:2      | Killed Jessica
  1948 | D:3      | Reached XP level 5. HP: 42/42 MP: 4/4
  2130 | D:3      | Reached skill level 7 in Axes
  2607 | D:4      | Reached skill level 8 in Axes
  2611 | D:4      | Reached XP level 6. HP: 31/50 MP: 5/5
  2665 | D:4      | Reached skill level 9 in Axes
  2830 | D:4      | Found a staircase to the Ecumenical Temple.
  2838 | Temple   | Entered the Ecumenical Temple
  2869 | Temple   | Became a worshipper of Warmaster Okawaru
  3163 | D:4      | Reached XP level 7. HP: 27/57 MP: 6/6
  3395 | D:5      | Entered Level 5 of the Dungeon
  3519 | D:5      | Noticed Pikel
  3523 | D:5      | Gained mutation: You are occasionally teleported next to
                  | monsters. [potion of mutation]
  3523 | D:5      | Gained mutation: You are resistant to hostile enchantments.
                  | (MR+) [potion of mutation]
  3523 | D:5      | Gained mutation: You evolve. [potion of mutation]
  3537 | D:5      | Killed Pikel
  3537 | D:5      | Reached * piety under Okawaru
  3537 | D:5      | Reached ** piety under Okawaru
  3537 | D:5      | Reached skill level 5 in Fighting
  3537 | D:5      | Reached skill level 11 in Axes
  3537 | D:5      | Reached XP level 8. HP: 63/68 MP: 7/7
  3830 | D:5      | Found an ancient bone altar of Kikubaaqudgha.
  4196 | D:6      | Found a shimmering altar of Xom.
  4196 | D:6      | Found a radiant altar of Vehumet.
  4196 | D:6      | Found a burning altar of Makhleb.
  4196 | D:6      | Found a sacrificial altar of Ru.
  4196 | D:6      | Found a burning altar of Makhleb.
  4196 | D:6      | Found a bloodstained altar of Trog.
  4276 | D:6      | Reached skill level 1 in Armour
  4300 | D:6      | Reached skill level 12 in Axes
  4427 | D:6      | Found Ylytu's Magic Scroll Shoppe.
  4463 | D:6      | Slain by an orc warrior

Levels and vault maps discovered:
D:1:      wander_arrival_peaceful_grave, layout_basic
D:2:      layout_loops_ring, zin_scriptorium, xom_butterflies, uniq_jessica
D:3:      layout_basic, minmay_circle_x
D:4:      layout_basic, minmay_temple_entry_nine_rooms
D:5:      layout_layer_cave, lemuel_doored_altar, first_ration,
          hangedman_abyss_or_decor_passed, uniq_pikel
D:6:      layout_loops_cross, serial_shops, nicolae_shop_stone, shop_fountains,
          nicolae_shop_behind_doors, doesnt_xom_only_xom, uniq_sigmund
Temple:   nicolae_temple_figure_eight

Skill      XL: |  1  2  3  4  5  6  7  8 |
---------------+-------------------------+-----
Axes           | 4 5 6 8 9 11 12 | 12.2
Fighting       | 3 5 6 |  6.0
Armour         | 2 |  2.4
Throwing       | |  2.0
Dodging        | |  3.2

Action                   |  1- 3 |  4- 6 |  7- 9 || total
-------------------------+-------+-------+-------++-------
Melee: War axe           |   105 |   124 |    77 ||   306
       Headbutt          |     2 |    21 |    18 ||    41
Throw: Throwing net      |       |     1 |       ||     1
Evoke: Wand              |     1 |       |     1 ||     2
  Use: Potion            |     2 |       |     4 ||     6
       Scroll            |       |     1 |    14 ||    15
  Eat: Chunk             |     1 |     6 |     4 ||    11
Armor: Leather armour    |    24 |     8 |       ||    32
       Skin              |     4 |       |       ||     4
       Ring mail         |       |    42 |    29 ||    71
Dodge: Dodged            |    50 |    86 |    31 ||   167

Table legend:
 A = Non-vault XP
 B = Vault XP
 C = Vault XP percentage of total XP
 D = Non-vault monster count
 E = Vault monster count
 F = Vault count percentage of total count
                 A         B        C        D         E       F
            +---------+---------+-------+---------+---------+-------
      Total |    1803 |     696 |  27.9 |     119 |       7 |   5.6
            +---------+---------+-------+---------+---------+-------
        D:1 |      49 |       0 |   0.0 |      25 |       0 |   0.0
        D:2 |      98 |      37 |  27.4 |      29 |       1 |   3.3
        D:3 |      62 |       8 |  11.4 |      11 |       5 |  31.2
        D:4 |     631 |       0 |   0.0 |      26 |       0 |   0.0
        D:5 |     375 |     651 |  63.5 |      11 |       1 |   8.3
        D:6 |     588 |       0 |   0.0 |      17 |       0 |   0.0
            +---------+---------+-------+---------+---------+-------
